 Dungeon Sprint DCSS version 0.21-a0-260-g9b2435e (webtiles) character file.

83 Kidiri the Sneak (level 4, -6/23 HPs)
             Began as a Spriggan Enchanter on Sept 7, 2017.
             Was an Initiate of Dithmenos.
             Splashed by an oklob sapling priest's acid (16 damage)
             ... in the Dungeon (Sprint IV: "Fedhas' Mad Dash").
             The game lasted 00:03:02 (522 turns).

Kidiri the Sneak (Spriggan Enchanter)                Turns: 522, Time: 00:03:03

Health: -6/23      AC:  2    Str:  4    XL:     4   Next: 22%
Magic:  10/11      EV: 21    Int: 16    God:    Dithmenos [......]
Gold:   77         SH:  0    Dex: 17    Spells: 0/12 levels left

rFire    . . .     SeeInvis +   a - +1 dagger
rCold    . . .     Gourm    .   (shield restricted)
rNeg     . . .     Faith    .   b - +0 robe
rPois    .         Spirit   .   (helmet restricted)
rElec    .         Reflect  .   (no cloak)
rCorr    .         Harm     .   (gloves unavailable)
MR       .....     NoTele   +   (boots unavailable)
Stlth    ++++......             k - amulet of invisibility {+Inv}
HPRegen  0.07/turn              (no ring)
MPRegen  0.12/turn              (no ring)

@: very slightly contaminated, invisible (expiring), very quick
A: unfitting armour, see invisible, herbivore 3, speed 3, slow metabolism 2
a: Renounce Religion


You were in the Dungeon.
You worshipped Dithmenos.
Dithmenos was noncommittal.
You were not hungry.

You visited 1 branch You collected 77 gold pieces.

Inventory:

Hand Weapons
 a - a +1 dagger (weapon)
Armour
 b - a +0 robe (worn)
Jewellery
 k - the amulet of invisibility (around neck) {+Inv}
   (You found it in the Dungeon)

   [amulet of nothing]

   It lets you turn invisible.
Scrolls
 i - a scroll of fear {unknown}
 j - a scroll of blinking
Potions
 e - a potion of curing
 f - a potion of heal wounds
 g - 2 potions of haste
 h - 2 potions of magic
Books
 c - a book of Maledictions

   Spells                             Type                      Level
   a - Corona                         Hexes                        1
   b - Ensorcelled Hibernation        Hexes/Ice                    2
   c - Confuse                        Hexes                        3
   d - Tukima's Dance                 Hexes                        3
   e - Dazzling Spray                 Conjuration/Hexes            3
Comestibles
 d - 2 bread rations


   Skills:
 + Level 1.8 Fighting
 * Level 3.8 Short Blades
 + Level 1.5 Armour
 * Level 5.8 Dodging
 * Level 6.8 Stealth
 * Level 4.5 Spellcasting
 + Level 0.0 Conjurations
 + Level 4.6 Hexes
 + Level 1.3 Ice Magic


You couldn't memorise any spells.
You knew the following spells:

 Your Spells              Type           Power        Failure   Level  Hunger
a - Corona                Hex            ###....      2%          1    None
b - Ensorcelled Hibernat  Hex/Ice        ##....       7%          2    ##.....
c - Confuse               Hex            ###.....     7%          3    ###....
d - Tukima's Dance        Hex            ###.....     7%          3    ###....
e - Dazzling Spray        Conj/Hex       ##....       19%         3    ###....


Dungeon Overview and Level Annotations

Branches:
Dungeon (1/1)

Altars:
Cheibriados
Dithmenos
Elyvilon
Gozag
Hepliaklqana
Kikubaaqudgha
Makhleb
Nemelex Xobeh
Okawaru
Qazlal
Ru
Sif Muna
Trog
Uskayaw
Vehumet
Wu Jian
Xom
Yredelemnul
Zin
The Shining One
Beogh
Jiyva
Lugonu

Annotations:
D exclusion: oklob sapling


Innate Abilities, Weirdness & Mutations

You are very small and have problems with some larger weapons.
You are too small for most types of armour.
You have supernaturally acute eyesight. (SInv)
You are a herbivore.
You cover ground extremely quickly.
You need consume almost no food.


Message History

Unknown command.
Press < or > to pray at altars.
You hit the oklob sapling priest but do no damage.
The oklob sapling priest is severely damaged.
Unknown command.
Press < or > to pray at altars.
You hit the oklob sapling priest.
The oklob sapling priest is severely damaged.
You flicker for a moment.
Unknown command.
Press < or > to pray at altars.
There is an iron altar of Okawaru here.
You hit the oklob sapling priest but do no damage.
The oklob sapling priest is severely damaged.
The oklob sapling priest spits acid at you.
The splash of acid hits you!
Ouch! That really hurt!
You are splashed with acid!
The acid burns!
Ouch! That really hurt!
You die...

#######################
..#.....#.⌠._._._._.⌠.#
..'.#...'.._._._._._..+
..#.#...#..._._P@._...#
######+##.._._._._._..#
+...#._._._._._.⌠.#
#...###############
#####


You could see an oklob sapling priest.

Vanquished Creatures
  2 oklob saplings (D)
  A worker ant (D)
  A river rat (D)
  A rat (D)
5 creatures vanquished.

Notes
Turn   | Place    | Note
-------+----------+-------------------------------------------
     0 | D        | Kidiri the Spriggan Enchanter began the quest for the Orb.
     0 | D        | Reached XP level 1. HP: 9/9 MP: 5/5
    14 | D        | Reached skill level 5 in Stealth
    14 | D        | Reached XP level 2. HP: 7/14 MP: 4/7
    61 | D        | Learned a level 2 spell: Ensorcelled Hibernation
   227 | D        | Noticed an oklob sapling
   228 | D        | Killed an oklob sapling
   228 | D        | Reached skill level 1 in Fighting
   228 | D        | Reached skill level 1 in Armour
   228 | D        | Reached XP level 3. HP: 18/18 MP: 9/9
   233 | D        | Learned a level 3 spell: Confuse
   237 | D        | Learned a level 3 spell: Tukima's Dance
   239 | D        | Found the amulet of invisibility {+Inv}
   240 | D        | Reached skill level 5 in Dodging
   240 | D        | Reached skill level 6 in Stealth
   240 | D        | Reached skill level 1 in Ice Magic
   366 | D        | Noticed an oklob sapling
   371 | D        | Killed an oklob sapling
   371 | D        | Reached XP level 4. HP: 23/23 MP: 7/11
   387 | D        | Learned a level 3 spell: Dazzling Spray
   505 | D        | Found an opulent altar of Gozag.
   505 | D        | Found a hazy altar of Hepliaklqana.
   505 | D        | Found a roughly hewn altar of Beogh.
   505 | D        | Found a snail-covered altar of Cheibriados.
   506 | D        | Found a viscous altar of Jiyva.
   506 | D        | Found a burning altar of Makhleb.
   506 | D        | Found a sparkling altar of Nemelex Xobeh.
   506 | D        | Found a sacrificial altar of Ru.
   506 | D        | Found a deep blue altar of Sif Muna.
   506 | D        | Found a bloodstained altar of Trog.
   506 | D        | Found an ornate altar of the Wu Jian Council.
   506 | D        | Found a shimmering altar of Xom.
   506 | D        | Found a basalt altar of Yredelemnul.
   507 | D        | Found an iron altar of Okawaru.
   507 | D        | Found a shadowy altar of Dithmenos.
   507 | D        | Found a glowing silver altar of Zin.
   508 | D        | Found an ancient bone altar of Kikubaaqudgha.
   508 | D        | Found a hide-covered altar of Uskayaw.
   509 | D        | Found a stormy altar of Qazlal.
   509 | D        | Found a white marble altar of Elyvilon.
   509 | D        | Found a glowing golden altar of the Shining One.
   510 | D        | Found a corrupted altar of Lugonu.
   510 | D        | Found a radiant altar of Vehumet.
   515 | D        | Became a worshipper of Dithmenos the Shadowed
   522 | D        | Splashed by an oklob sapling priest's acid

Vault maps used:
D:        dungeon_sprint_fedhas

Skill      XL: |  1  2  3 |
---------------+----------+-----
Short Blades   | 2 3 |  3.8
Dodging        | 4 5 |  5.8
Stealth        | 5 6 |  6.8
Spellcasting   | 3 4 |  4.5
Fighting       | 1 |  1.8
Armour         | 1 |  1.5
Hexes          | 4 |  4.6
Ice Magic      | 1 |  1.3

Action                   |  1- 3 |  4- 6 || total
-------------------------+-------+-------++-------
Melee: Dagger            |    14 |     5 ||    19
 Cast: Corona            |     2 |       ||     2
 Abil: Evoke Invisibilit |     2 |     1 ||     3
  Use: Potion            |     1 |       ||     1
 Stab: Sleeping          |     2 |       ||     2
       Invisible         |     1 |     1 ||     2
Armor: Robe              |     1 |       ||     1
Dodge: Dodged            |     5 |       ||     5

Table legend:
 A = Spawn XP
 B = Non-spawn XP
 C = Spawn XP percentage of total XP
 D = Spawn monster count
 E = Non-spawn monster count
 F = Spawn count percentage of total count
 G = Total turns spent on level
                    A         B        C        D         E        F      G
               +---------+---------+-------+---------+---------+-------+---------
         Total |       0 |     119 |   0.0 |       0 |       5 |   0.0 |   522
               +---------+---------+-------+---------+---------+-------+---------
             D |       0 |     119 |   0.0 |       0 |       5 |   0.0 |   522
               +---------+---------+-------+---------+---------+-------+---------
